 Dungeon Crawl Stone Soup version 0.26-a0-21-gf97e55d (webtiles) character file.

Game seed: 11079853018927419783, levelgen mode: deterministic

400568 Caerwyn the Sharpshooter (level 23, -9/180 HPs)
             Began as a Gnoll Venom Mage on May 17, 2020.
             Was an Initiate of Gozag.
             Mangled by a +8 trident of distortion (16 damage)
             ... on level 2 of the Elven Halls on May 26, 2020.
             The game lasted 01:26:10 (50875 turns).

Caerwyn the Sharpshooter (Gnoll Venom Mage)        Turns: 50875, Time: 01:26:11

Health: -9/180     AC: 21    Str: 24    XL:     23   Next: 29%
Magic:  46/46      EV: 21    Int: 32    God:    Gozag
Gold:   4567       SH: 14    Dex: 17    Spells: 35/53 levels left

rFire    + . .     SeeInvis .   a - +9 demon trident (elec)
rCold    + + .     Gourm    .   C - +0 kite shield {reflect}
rNeg     . . .     Faith    .   K - quicksilver dragon scales of the Harvest {*Contam MR+ Str+4}
rPois    +         Spirit   .   Z - +2 helmet {Int+3}
rElec    .         Reflect  +   M - scarf {rC+ rF+}
rCorr    .         Harm     .   q - +0 pair of gloves {Str+3}
MR       +++..                  T - +0 pair of boots
Stlth    +++++.....             L - amulet of regeneration
HPRegen  0.80/turn              l - ring "Hobiusmu" {Str+3 Int+2 Slay+4}
MPRegen  0.30/turn              r - ring of Basulirph {rPois rC+ MR+ Int+4}

@: gold aura, very slightly contaminated, studying Crossbows, drained
A: distributed training, fangs 1, dopey 1, high mp 1, strong 1, strong nose
}: 2/15 runes: serpentine, barnacled
a: Potion Petition, Call Merchant, Bribe Branch, Renounce Religion


You were on level 2 of the Elven Halls.
You worshipped Gozag.
Gozag was most pleased with you.
You were not hungry.

You visited 9 branches of the dungeon, and saw 39 of its levels.
You also visited: Gauntlet and Ice Cave.

You collected 20494 gold pieces.
You spent 5952 gold pieces at shops.
You paid 9975 gold pieces to Gozag.

Inventory:

Hand Weapons
 a - a +9 demon trident of electrocution (weapon)
   (You took it off Louise on level 2 of the Shoals)
 o - a +2 demon whip of venom
   (You found it on level 1 of the Vaults)
Missiles
 n - 87 silver javelins (quivered)
 F - 10 throwing nets {!f}
Armour
 q - a +0 pair of gloves of strength (worn)
   (You bought it in a shop on level 1 of the Shoals)
 C - a +0 kite shield of reflection (worn)
   (You took it off Donald on level 3 of the Shoals)
 K - the quicksilver dragon scales of the Harvest (worn) {*Contam MR+ Str+4}
   (You bought it in a shop on level 1 of the Shoals)

   It affects your strength (+4).
   It affects your resistance to hostile enchantments.
   It causes magical contamination when unequipped.
 M - a scarf of resistance (worn)
   (You found it on level 2 of the Snake Pit)
 T - a +0 pair of boots (worn)
   (You found it on level 6 of the Lair of Beasts)
 Z - a +2 helmet of intelligence (worn)
   (You found it on level 2 of the Orcish Mines)
Magical Staves
 b - an uncursed staff of wizardry {!a}
   (You took it off a spriggan on level 2 of the Lair of Beasts)
Jewellery
 l - the ring "Hobiusmu" (left hand) {Str+3 Int+2 Slay+4}
   (You found it in a Gauntlet)

   [ring of slaying]

   It affects your strength (+3).
   It affects your intelligence (+2).
   It affects your accuracy and damage with ranged weapons and melee attacks
   (+4).
 r - the ring of Basulirph (right hand) {rPois rC+ MR+ Int+4}
   (You found it in a Gauntlet)

   [ring of protection from cold]

   It affects your intelligence (+4).
   It protects you from cold.
   It protects you from poison.
   It affects your resistance to hostile enchantments.
 z - an uncursed ring of see invisible
   (You found it on level 1 of the Shoals)
 L - an amulet of regeneration (around neck)
   (You found it on level 4 of the Lair of Beasts)
Wands
 c - a wand of disintegration (12)
   (You found it on level 2 of the Lair of Beasts)
 d - a wand of iceblast (54)
   (You found it on level 7 of the Dungeon)
 u - a wand of paralysis (39)
   (You took it off Maggie on level 8 of the Dungeon)
 v - a wand of digging (20)
   (You found it on level 5 of the Dungeon)
 w - a wand of enslavement (28)
   (You found it on level 7 of the Dungeon)
 x - a wand of acid (31)
   (You found it on level 11 of the Dungeon)
 P - a wand of polymorph (28)
   (You found it on level 5 of the Lair of Beasts)
 W - a wand of clouds (9)
   (You bought it in a shop on level 2 of the Orcish Mines)
Scrolls
 g - 21 scrolls of identify {@r1}
 j - 2 scrolls of magic mapping
 k - 3 scrolls of amnesia
 y - 7 scrolls of teleportation {@r4}
 A - 2 scrolls of enchant weapon
 B - 16 scrolls of remove curse {@r2}
 E - 5 scrolls of vulnerability {!r}
 G - 7 scrolls of fog
 I - 3 scrolls of fear
 O - 3 scrolls of blinking
 S - 3 scrolls of silence
 U - 6 scrolls of immolation {!r}
Potions
 f - 5 potions of curing {@q1}
 h - 5 potions of mutation {!q}
 m - 4 potions of stabbing
 p - 3 potions of heal wounds {@q2}
 s - 3 potions of cancellation
 t - a potion of brilliance
 D - a potion of lignification {!q}
 H - 2 potions of flight
 N - 4 potions of haste {@q3}
 Q - 2 potions of magic
 R - 6 potions of might
 X - 3 potions of resistance
 Y - a potion of ambrosia
Books
 i - a manual of Crossbows {!d}
   (You found it in an ice cave)
Miscellaneous
 J - 2 phantom mirrors
 V - a tin of tremorstones (2/3)
   (You bought it in a shop on level 2 of the Orcish Mines)
Comestibles
 e - 38 rations {!d}


   Skills:
 + Level 14.8(13.5) Fighting
 + Level 14.8(13.5) Short Blades
 + Level 14.8(13.5) Long Blades
 + Level 14.8(13.5) Axes
 + Level 14.8(13.5) Maces & Flails
 + Level 14.8(13.5) Polearms
 + Level 14.8(13.5) Staves
 + Level 14.8(13.5) Slings
 + Level 14.8(13.5) Bows
 + Level 16.9(15.4) Crossbows
 + Level 14.8(13.5) Throwing
 + Level 14.8(13.5) Armour
 + Level 15.4(14.0) Dodging
 + Level 15.3(13.9) Stealth
 + Level 14.8(13.5) Shields
 + Level 14.8(13.5) Unarmed Combat
 + Level 15.5(14.1) Spellcasting
 + Level 12.8(11.5) Conjurations
 + Level 12.8(11.5) Hexes
 + Level 12.8(11.5) Charms
 + Level 12.8(11.5) Summonings
 + Level 12.8(11.5) Necromancy
 + Level 12.8(11.5) Translocations
 + Level 12.9(11.6) Transmutations
 + Level 12.8(11.5) Fire Magic
 + Level 12.8(11.5) Ice Magic
 + Level 12.8(11.5) Air Magic
 + Level 12.8(11.5) Earth Magic
 + Level 13.7(12.3) Poison Magic
 + Level 16.0(14.6) Invocations
 + Level 14.8(13.5) Evocations


You had 35 spell levels left.
You knew the following spells:

 Your Spells              Type           Power        Failure   Level  Hunger
a - Iron Shot             Conj/Erth      #######...   4%          6    ###....
d - Olgreb's Toxic Radia  Pois           #######.     1%          4    None
f - Ignite Poison         Fire/Tmut/Pois #######.     1%          3    None
m - Mephitic Cloud        Conj/Pois/Air  #######.     1%          3    None
s - Poisonous Vapours     Pois/Air       ######       1%          2    None

Your spell library contained the following spells:

 Spells                   Type           Power        Failure   Level  Hunger
 Animate Skeleton         Necr           N/A          1%          1    None
 Beastly Appendage        Tmut           ######       1%          1    None
 Corona                   Hex            #######      1%          1    None
 Foxfire                  Conj/Fire      ####         1%          1    None
 Freeze                   Ice            ####         1%          1    None
 Pain                     Necr           ####         1%          1    None
 Sting                    Tmut/Pois      ####         1%          1    None
 Summon Small Mammal      Summ           ####         1%          1    None
 Blink                    Tloc           N/A          1%          2    None
 Call Imp                 Summ           #######.     1%          2    None
 Passwall                 Tmut/Erth      #######.     1%          2    None
 Shroud of Golubria       Chrm/Tloc      ######       1%          2    None
 Slow                     Hex            #######.     1%          2    None
 Sticks to Snakes         Tmut           #######.     1%          2    None
 Swiftness                Chrm/Air       #######.     1%          2    None
 Call Canine Familiar     Summ           #######.     1%          3    None
 Conjure Flame            Conj/Fire      #######.     1%          3    None
 Gell's Gravitas          Tloc           #######...   1%          3    None
 Inner Flame              Hex/Fire       #######.     1%          3    None
 Lesser Beckoning         Tloc           #######...   1%          3    None
 Portal Projectile        Hex/Tloc       ######       1%          3    None
 Recall                   Summ/Tloc      N/A          1%          3    None
 Spider Form              Tmut/Pois      #######...   1%          3    None
 Summon Guardian Golem    Hex/Summ       #######.     1%          3    None
 Teleport Other           Tloc           #######.     1%          3    None
 Vampiric Draining        Necr           #######...   1%          3    None
 Animate Dead             Necr           N/A          1%          4    None
 Cause Fear               Hex            #######...   1%          4    None
 Ice Form                 Ice/Tmut       #######.     1%          4    None
 Leda's Liquefaction      Hex/Erth       #######...   1%          4    None
 Passage of Golubria      Tloc           N/A          1%          4    None
 Sticky Flame             Conj/Fire      #######.     1%          4    None
 Summon Ice Beast         Ice/Summ       #######.     1%          4    None
 Summon Lightning Spire   Summ/Air       #######.     1%          4    None
 Agony                    Necr           #######.     1%          5    None
 Blade Hands              Tmut           #######...   1%          5    None
 Bolt of Magma            Conj/Fire/Erth #######...   1%          5    None
 Borgnjor's Vile Clutch   Necr/Erth      #######...   1%          5    None
 Fireball                 Conj/Fire      #######...   1%          5    None
 Iskenderun's Battlesphe  Conj/Chrm      #######.     1%          5    None
 Lee's Rapid Deconstruct  Erth           #######...   1%          5    None
 Metabolic Englaciation   Hex/Ice        #######...   1%          5    None
 Silence                  Hex/Air        #######...   1%          5    None
 Yara's Violent Unravell  Hex/Tmut       #######...   1%          5    None
 Darkness                 Hex            #######...   4%          6    ###....
 Death Channel            Necr           #######...   4%          6    ###....
 Freezing Cloud           Conj/Ice/Air   #######...   4%          6    ###....
 Invisibility             Hex            #######.     4%          6    ###....
 Simulacrum               Ice/Necr       #######...   4%          6    ###....
 Statue Form              Tmut/Erth      #######..    4%          6    ###....
 Dragon Form              Tmut           #######...   24%         7    #####..
 Malign Gateway           Summ/Tloc      #######...   26%         7    #####..
 Monstrous Menagerie      Summ           #######...   26%         7    #####..
 Orb of Destruction       Conj           #######...   26%         7    #####..
 Ring of Flames           Chrm/Fire      #######...   26%         7    #####..
 Spellforged Servitor     Conj/Summ      #######...   26%         7    #####..
 Summon Greater Demon     Summ           #######...   26%         7    #####..
 Discord                  Hex            #######...   89%         8    ######.
 Summon Horrible Things   Summ           #######...   89%         8    ######.
 Dragon's Call            Summ           #######...   100%        9    #######
 Shatter                  Erth           #######...   100%        9    #######


Dungeon Overview and Level Annotations

Branches:
Dungeon (15/15)            Temple (1/1) D:7            Lair (6/6) D:11
 Shoals (4/4) Lair:4        Snake (4/4) Lair:2        Slime (0/5) Lair:5
    Orc (2/2) D:9             Elf (2/3) Orc:2        Vaults (4/5) D:14
  Crypt (1/3) Vaults:2     Depths (0/5) D:15          IceCv (visited)
Gauntlet (visited)

Altars:
Ashenzari
Cheibriados
Dithmenos
Elyvilon
Fedhas
Gozag
Hepliaklqana
Kikubaaqudgha
Makhleb
Nemelex Xobeh
Okawaru
Qazlal
Ru
Sif Muna
Trog
Uskayaw
Vehumet
Wu Jian
Xom
Yredelemnul
Zin
The Shining One
Beogh

Shops:
D:8 (   D:11 *[   D:14 (   Orc:2 ((}}(   Lair:1 [*   Lair:4 =   Shoals:1 [
Shoals:4 [   Vaults:1 (   Vaults:2 (   Vaults:3 (   Vaults:4 [[


Innate Abilities, Weirdness & Mutations

Your experience applies equally to all skills.
You have very sharp teeth.
Your uncanny sense of smell can sniff out nearby items.
You are dopey. (Int -2)
You have an increased reservoir of magic. (+10% MP)
Your muscles are strong. (Str +2)


Message History

* * * LOW HITPOINT WARNING * * *
Space warps horribly around you!
* * * LOW HITPOINT WARNING * * *
The deep elf knight is engulfed in blazing flames.
You kill the deep elf knight!
The +2 flail of pain is engulfed in blazing flames.
The +2 flail of pain closely misses you.
Unknown command.
Unknown command.
You impale the +2 flail of pain!!
The +3 scimitar of draining is engulfed in blazing flames.
The +1 hand axe of flaming is engulfed in blazing flames.
The +8 trident of distortion is engulfed in blazing flames.
The +8 trident of distortion hits you from afar!
* * * LOW HITPOINT WARNING * * *
You blink.
The +1 hand axe of flaming hits you but does no damage.
The +8 trident of distortion hits you from afar.
* * * LOW HITPOINT WARNING * * *
Space warps horribly around you!
* * * LOW HITPOINT WARNING * * *
You block the +3 scimitar of draining's attack.
You block the +1 hand axe of flaming's attack.
You block the +8 trident of distortion's attack.
The +3 scimitar of draining hits you!
* * * LOW HITPOINT WARNING * * *
You feel drained.
* * * LOW HITPOINT WARNING * * *
The +1 hand axe of flaming hits you but does no damage.
You block the +8 trident of distortion's attack.
You block the +3 scimitar of draining's attack.
The +3 scimitar of draining hits you.
* * * LOW HITPOINT WARNING * * *
You feel drained.
The +8 trident of distortion completely misses you.
Unknown command.
Aim: a +3 scimitar of draining (moderately damaged)
The bolt of acid misses the +3 scimitar of draining.
The bolt of acid misses the +8 trident of distortion.
The bolt of acid hits the +1 hand axe of flaming!!
The +1 hand axe of flaming is splashed with acid.
The acid corrodes the +1 hand axe of flaming!
The +3 scimitar of draining hits you!
* * * LOW HITPOINT WARNING * * *
You feel drained.
* * * LOW HITPOINT WARNING * * *
The +8 trident of distortion hits you but does no damage.
Space warps horribly around you!
You die...
Your body crumbles into a pile of gold.

#...P...'...'.......#####
#.......#####.......#
#....)..## ##.....##
###...##'## #####+#
#######.## #.# ### ##.##
#.# # #.# ####.## #.# ##
#.## #....(## #.# ##. .
#..# #@####.## #.# ##.#
####..# #(# ##)###'###.##
+######≈≈≈..####(#
##'#...#'##
+.e#≈≈§≈≈≈..(..#.#
##.....##
#.(($$$..e...(.($#
#.......###
e.'#≈(≈≈≈≈.....###
#...8..)'..
'######≈§≈..####
##.......### .# ####..#
##'#.....## .# #..#
##.##....'##


You could see 3 dancing weapons.

Vanquished Creatures
  Boris (Vaults:2)
  Xtahua (Vaults:2)
  Saint Roka (Vaults:1)
  Nikola (Vaults:2)
  2 tentacled monstrosities
  An Ice Fiend (IceCv)
  Jorgrun (Elf:1)
  A titan (Vaults:4)
  A deep elf blademaster (Elf:2)
  2 quicksilver dragons (Vaults:4)
  An ancient champion (Crypt:1)
  A sphinx (Vaults:4)
  A storm dragon (Vaults:4)
  Kirke (Lair:5)
  2 tengu reavers (Vaults:4)
  Donald (Shoals:3)
  A shadow dragon (Vaults:4)
  13 nagarajas
  An iron dragon (Vaults:4)
  Louise (Shoals:2)
  12 vault wardens
  2 deep elf sorcerers
  12 ironheart preservers
  7 ghouls (Crypt:1)
  The ghost of edsrzf the Fencer, a journeyman DrAs of Vehumet (Orc:2)
  11 stone giants
  2 very ugly things
  An entropy weaver (Vaults:4)
  3 deep elf demonologists (Vaults:3)
  The ghost of Neduy the Severer, a journeyman MiBe of Trog (Lair:4)
  2 deep elf annihilators
  2 minotaurs
  2 deep elf death magi (Vaults:3)
  10 merfolk impalers
  Josephine (Orc:1)
  4 ettins
  9 merfolk javelineers
  A death ooze (Gauntlet)
  Snorg (D:10)
  A fire dragon (Vaults:4)
  A great orb of eyes (Vaults:2)
  4 jiangshi (Crypt:1)
  Fannar (Orc:1)
  A deep elf high priest (Elf:1)
  7 yaktaur captains
  The ghost of Notta the Zephyrmancer, a journeyman DrVM of Sif Muna (Lair:2)
  Erolcha (D:10)
  4 ice dragons
  9 hydras
  18 naga warriors
  2 rakshasas (Vaults:2)
  Harold (D:7)
  10 anacondas
  A merfolk avatar (Shoals:2)
  12 vault guards
  4 death knights
  2 tengu warriors
  14 ogre magi
  An alligator snapping turtle (Shoals:4)
  45 two-headed ogres
  6 centaur warriors
  3 merfolk aquamancers (Shoals:4)
  2 deep troll earth magi
  2 satyrs
  A hell hog (Gauntlet)
  7 naga sharpshooters
  2 vampire magi (Crypt:1)
  3 shock serpents
  Nergalle (Orc:1)
  9 skeletal warriors
  A fire crab (shapeshifter) (Vaults:2)
  An iron troll (shapeshifter) (Vaults:4)
  15 deep elf knights
  A sixfirhy (Gauntlet)
  2 flayed ghosts
  A shadow wraith (Vaults:3)
  2 unseen horrors
  13 sea snakes
  4 naga ritualists
  2 glowing orange brains
  A tengu zombie (Vaults:4)
  6 wizards
  8 deep trolls
  13 deep elf archers
  2 necromancers
  Pikel (D:4)
  A kraken simulacrum (Shoals:4)
  9 ironbrand convokers
  22 harpies
  9 orc knights
  16 fauns
  6 wolf spiders
  3 orc sorcerers
  3 mana vipers
  54 deep elf magi
  18 ugly things
  10 salamanders
  3 human zombies (Vaults:1)
  A stone giant zombie (Vaults:4)
  9 merfolk sirens
  13 cyclopes
  12 manticores
  2 elephants
  3 guardian serpents (Snake:4)
  Maurice (D:11)
  25 naga magi
  2 water nymphs
  31 black mambas
  A centaur skeleton (D:14)
  12 vault sentinels
  A spiny frog (shapeshifter) (Vaults:4)
  A torpor snail (Lair:5)
  A yaktaur zombie (Vaults:4)
  2 gargoyles
  2 rime drakes
  12 spiny frogs
  A swamp worm zombie (Crypt:1)
  11 freezing wraiths
  Maggie (D:8)
  4 anaconda simulacra (IceCv)
  A golden dragon simulacrum (IceCv)
  14 komodo dragons
  5 ice devils (IceCv)
  2 human skeletons (Vaults:1)
  40 yaktaurs
  A harpy zombie (D:15)
  9 wind drakes
  5 polar bears (Lair:6)
  2 tengu conjurers
  2 queen bees (shapeshifter)
  10 hornets
  A jumping spider (shapeshifter) (D:15)
  A queen bee (Lair:2)
  53 merfolk
  9 trolls
  4 meliai (Shoals:1)
  8 blink frogs
  22 snapping turtles
  A bog body (Crypt:1)
  A stone giant simulacrum (Vaults:1)
  19 hippogriffs
  15 slime creatures
  A snapping turtle (shapeshifter) (Vaults:4)
  7 dream sheep (Lair:6)
  A frost giant simulacrum (Vaults:2)
  28 spriggans
  3 shadows
  2 vampires
  8 water elementals
  10 wraiths
  3 air elementals (Elf:2)
  A redback (Vaults:4)
  2 wyverns
  Sigmund (D:2)
  A dire elephant simulacrum (IceCv)
  6 hogs (Lair:5)
  2 yaks (shapeshifter)
  A human (D:14)
  3 fire bats (Gauntlet)
  67 yaks
  14 vampire mosquitoes
  6 basilisks
  3 fire elementals
  3 hungry ghosts
  A death yak simulacrum (IceCv)
  4 wargs
  Menkaure (D:7)
  43 nagas
  4 iron troll simulacra (IceCv)
  A hydra simulacrum (IceCv)
  3 harpy simulacra (IceCv)
  3 hell hounds (Gauntlet)
  3 acid dragons
  A soldier ant (D:15)
  A swamp worm (shapeshifter) (Elf:2)
  Duvessa (D:6)
  21 water moccasins
  A hornet zombie (D:11)
  14 porcupines
  39 orc warriors
  5 sky beasts
  7 black bears
  4 slaves (D:4)
  2 black bears (shapeshifter) (Vaults:1)
  A swamp dragon zombie (Crypt:1)
  An ettin simulacrum (IceCv)
  2 ice beasts
  3 necrophages
  10 centaurs
  6 boggarts
  52 ogres
  2 phantoms
  A lindwurm skeleton (Crypt:1)
  10 crocodiles
  29 wolves
  2 big kobolds
  17 bullfrogs
  5 earth elementals
  Dowan (D:6)
  6 scorpions
  65 killer bees
  10 wights
  8 electric eels
  8 howler monkeys
  6 crimson imps
  2 centaur zombies
  2 hounds
  A bullfrog zombie (D:11)
  3 draconian simulacra (IceCv)
  A jelly (D:10)
  2 bullfrog skeletons
  22 orc priests
  13 orc wizards
  Jessica (D:2)
  4 iguanas
  5 troll simulacra (IceCv)
  9 worker ants
  3 wolf simulacra (IceCv)
  A killer bee zombie (D:8)
  A polar bear simulacrum (IceCv)
  A spriggan simulacrum (IceCv)
  A centaur simulacrum (IceCv)
  2 hound zombies
  2 hound skeletons
  Robin (D:2)
  A howler monkey zombie (D:9)
  A worker ant zombie (D:9)
  4 gnolls (D:9)
  16 adders
  A naga simulacrum (IceCv)
  6 shadow imps
  4 white imps (IceCv)
  10 ufetubi
  2 adder zombies
  An adder skeleton (D:5)
  3 worms
  3 dart slugs
  4 leopard geckos
  92 orcs
  6 giant cockroaches
  17 goblins
  8 hobgoblins
  8 jackals
  16 kobolds
  2 quokkas
  6 ball pythons
  4 bats
  6 frilled lizards
  A leopard gecko skeleton (D:4)
  A leopard gecko zombie (D:8)
  4 rats
  3 fungi (D:11)
  6 plants
1785 creatures vanquished.

Vanquished Creatures (others)
  A nagaraja (Snake:4)
  A naga warrior (Snake:4)
  19 dancing weapons
  A deep elf knight (Elf:1)
  A phantom (D:14)
  A boggart (Vaults:2)
  13 fungi
  10 plants
47 creatures vanquished.

Grand Total: 1832 creatures vanquished

Notes
Turn   | Place    | Note
-------+----------+-------------------------------------------
     0 | D:1      | Caerwyn the Gnoll Venom Mage began the quest for the Orb.
     0 | D:1      | Reached XP level 1. HP: 13/13 MP: 6/6
   327 | D:1      | Reached XP level 2. HP: 19/19 MP: 7/7
   385 | D:1      | Learned a level 2 spell: Poisonous Vapours
   740 | D:1      | Reached XP level 3. HP: 19/25 MP: 9/9
  1150 | D:2      | Reached skill level 5 in Spellcasting
  1310 | D:2      | Learned a level 3 spell: Mephitic Cloud
  1314 | D:2      | Learned a level 3 spell: Ignite Poison
  1388 | D:2      | Reached skill level 1 in Invocations
  1784 | D:2      | Noticed Jessica
  1787 | D:2      | Noticed Robin
  1794 | D:2      | Killed Jessica
  1794 | D:2      | Reached skill level 1 in Fighting
  1794 | D:2      | Reached skill level 1 in Short Blades
  1794 | D:2      | Reached skill level 1 in Long Blades
  1794 | D:2      | Reached skill level 1 in Axes
  1794 | D:2      | Reached skill level 1 in Maces & Flails
  1794 | D:2      | Reached skill level 1 in Polearms
  1794 | D:2      | Reached skill level 1 in Staves
  1794 | D:2      | Reached skill level 1 in Slings
  1794 | D:2      | Reached skill level 1 in Bows
  1794 | D:2      | Reached skill level 1 in Crossbows
  1794 | D:2      | Reached skill level 1 in Throwing
  1794 | D:2      | Reached skill level 1 in Armour
  1794 | D:2      | Reached skill level 1 in Shields
  1794 | D:2      | Reached skill level 1 in Unarmed Combat
  1794 | D:2      | Reached skill level 1 in Evocations
  1794 | D:2      | Reached XP level 4. HP: 31/32 MP: 11/11
  1798 | D:2      | Killed Robin
  1823 | D:2      | Reached skill level 1 in Conjurations
  1823 | D:2      | Reached skill level 1 in Hexes
  1823 | D:2      | Reached skill level 1 in Charms
  1823 | D:2      | Reached skill level 1 in Summonings
  1823 | D:2      | Reached skill level 1 in Necromancy
  1823 | D:2      | Reached skill level 1 in Translocations
  1823 | D:2      | Reached skill level 1 in Fire Magic
  1823 | D:2      | Reached skill level 1 in Ice Magic
  1823 | D:2      | Reached skill level 1 in Air Magic
  1823 | D:2      | Reached skill level 1 in Earth Magic
  1851 | D:2      | Learned a level 4 spell: Olgreb's Toxic Radiance
  2105 | D:2      | Noticed Sigmund
  2110 | D:2      | Killed Sigmund
  2110 | D:2      | Reached XP level 5. HP: 38/38 MP: 3/12
  2110 | D:2      | Reached XP level 6. HP: 44/44 MP: 3/13
  2655 | D:3      | Reached skill level 5 in Dodging
  2896 | D:3      | You fall into a shaft and drop 2 floors!
  2896 | D:5      | Entered Level 5 of the Dungeon
  2904 | D:5      | Found a shimmering altar of Xom.
  3011 | D:5      | Noticed a sky beast
  3035 | D:5      | Killed a sky beast
  3207 | D:3      | Reached XP level 7. HP: 50/50 MP: 10/15
  4005 | D:4      | Reached skill level 5 in Stealth
  4292 | D:4      | Reached XP level 8. HP: 18/57 MP: 8/16
  4408 | D:4      | Noticed Pikel
  4440 | D:4      | Killed Pikel
  4644 | D:4      | Upgraded the game from 0.25-a0-1119-g28b6fd0 to
                  | 0.26-a0-21-gf97e55d
  5189 | D:5      | Reached XP level 9. HP: 65/65 MP: 6/18
  6029 | D:6      | Noticed Duvessa
  6029 | D:6      | Noticed Dowan
  6044 | D:6      | Killed Dowan
  6049 | D:6      | Killed Duvessa
  6719 | D:7      | Noticed Menkaure
  6726 | D:7      | Killed Menkaure
  6992 | D:7      | Reached skill level 5 in Invocations
  7001 | D:7      | Found a staircase to the Ecumenical Temple.
  7024 | Temple   | Entered the Ecumenical Temple
  7262 | Temple   | Gained mutation: You have an increased reservoir of magic.
                  | (+10% MP) [potion of mutation]
  7262 | Temple   | Gained mutation: Your muscles are strong. (Str +2) [potion
                  | of mutation]
  7280 | Temple   | Reached XP level 10. HP: 73/73 MP: 14/22
  7422 | Temple   | Became a worshipper of Gozag Ym Sagoz the Greedy
  7997 | D:7      | Noticed Harold
  8006 | D:7      | Killed Harold
  8006 | D:7      | Reached skill level 5 in Fighting
  8006 | D:7      | Reached skill level 5 in Short Blades
  8006 | D:7      | Reached skill level 5 in Long Blades
  8006 | D:7      | Reached skill level 5 in Axes
  8006 | D:7      | Reached skill level 5 in Maces & Flails
  8006 | D:7      | Reached skill level 5 in Polearms
  8006 | D:7      | Reached skill level 5 in Staves
  8006 | D:7      | Reached skill level 5 in Slings
  8006 | D:7      | Reached skill level 5 in Bows
  8006 | D:7      | Reached skill level 5 in Crossbows
  8006 | D:7      | Reached skill level 5 in Throwing
  8006 | D:7      | Reached skill level 5 in Armour
  8006 | D:7      | Reached skill level 5 in Shields
  8006 | D:7      | Reached skill level 5 in Unarmed Combat
  8006 | D:7      | Reached skill level 5 in Evocations
  8539 | D:8      | Found Nomunamm's Antique Weapon Shop.
  8544 | D:8      | Bought a glowing rapier for 119 gold pieces
  8711 | D:8      | Noticed Maggie
  8721 | D:8      | Killed Maggie
  8986 | D:8      | Found a sparkling altar of Nemelex Xobeh.
  9000 | D:8      | You fall into a shaft and drop 3 floors!
  9006 | D:11     | Reached skill level 5 in Transmutations
  9012 | D:11     | Noticed a cyan ugly thing
  9014 | D:11     | Found a staircase to the Lair.
  9043 | D:11     | Killed a cyan ugly thing
  9146 | D:11     | Noticed a gargoyle
  9182 | D:11     | Killed a gargoyle
  9182 | D:11     | Reached XP level 11. HP: 37/81 MP: 3/24
  9533 | D:11     | Noticed a two-headed ogre
  9535 | D:11     | Noticed a red ugly thing
  9550 | D:11     | Killed a red ugly thing
  9552 | D:11     | Killed a two-headed ogre
  9583 | D:10     | Entered Level 10 of the Dungeon
  9585 | D:10     | Reached skill level 5 in Conjurations
  9585 | D:10     | Reached skill level 5 in Hexes
  9585 | D:10     | Reached skill level 5 in Charms
  9585 | D:10     | Reached skill level 5 in Summonings
  9585 | D:10     | Reached skill level 5 in Necromancy
  9585 | D:10     | Reached skill level 5 in Translocations
  9585 | D:10     | Reached skill level 5 in Fire Magic
  9585 | D:10     | Reached skill level 5 in Ice Magic
  9585 | D:10     | Reached skill level 5 in Air Magic
  9585 | D:10     | Reached skill level 5 in Earth Magic
  9600 | D:10     | Noticed Erolcha
  9601 | D:10     | Paralysed by Erolcha for 6 turns
  9611 | D:10     | Killed Erolcha
 10045 | D:10     | Noticed a two-headed ogre
 10062 | D:10     | Killed a two-headed ogre
 10264 | D:10     | Noticed Snorg
 10301 | D:10     | Killed Snorg
 10497 | D:9      | Noticed a two-headed ogre
 10517 | D:9      | Killed a two-headed ogre
 11039 | D:9      | Reached XP level 12. HP: 88/88 MP: 26/26
 11076 | D:9      | Noticed a two-headed ogre
 11085 | D:9      | Killed a two-headed ogre
 11228 | D:9      | Found a staircase to the Orcish Mines.
 11982 | D:10     | Noticed a centaur warrior
 11991 | D:10     | Killed a centaur warrior
 12362 | D:11     | Noticed Maurice
 12372 | D:11     | Killed Maurice
 12767 | Lair:1   | Entered Level 1 of the Lair of Beasts
 12842 | Lair:1   | Bought a scroll labeled BYULLEO JEJAIS for 35 gold pieces
 12842 | Lair:1   | Bought a scroll labeled BYULLEO JEJAIS for 35 gold pieces
 12842 | Lair:1   | Bought a scroll labeled OSUHEN GOTOYP for 35 gold pieces
 14007 | Lair:2   | Found a transporter.
 14014 | Lair:2   | Found a transporter.
 14014 | Lair:2   | Noticed Notta's ghost (journeyman DrVM)
 14068 | Lair:2   | Killed Notta's ghost
 14360 | Lair:2   | Reached XP level 13. HP: 98/98 MP: 23/28
 14942 | Lair:2   | Found a staircase to the Snake Pit.
 17026 | Lair:4   | Got a jade-encrusted leather armour
 17027 | Lair:4   | Identified the +4 leather armour "Syssit" {+Inv +Fly Str-5
                  | Stlth+} (You found it on level 4 of the Lair of Beasts)
 17205 | Lair:4   | Reached skill level 10 in Spellcasting
 17212 | Lair:4   | Reached XP level 14. HP: 30/106 MP: 12/30
 17569 | Lair:4   | Found a runed translucent gate.
 17570 | Lair:4   | Found a runed translucent gate.
 17571 | Lair:4   | Found a runed translucent gate.
 17572 | Lair:4   | Noticed Neduy's ghost (journeyman MiBe)
 17592 | Lair:4   | Killed Neduy's ghost
 17602 | Lair:4   | Got a masterwork long sword
 17606 | Lair:4   | Got a bound turquoise ring
 17608 | Lair:4   | Identified the +3 long sword of Uncertain Death {freeze,
                  | MR+} (You found it on level 4 of the Lair of Beasts)
 17609 | Lair:4   | Identified the ring of Linearity {rN+ MP-9 Int+3 Dex+3
                  | Stlth+} (You found it on level 4 of the Lair of Beasts)
 17847 | Lair:4   | Found a staircase to the Shoals.
 18212 | Lair:4   | Bought a +4 ring of protection for 540 gold pieces
 18400 | Lair:5   | Reached skill level 10 in Dodging
 18442 | Lair:5   | Noticed Kirke
 18454 | Lair:5   | Killed Kirke
 18636 | Lair:5   | Found a staircase to the Slime Pits.
 18843 | Lair:5   | You fall into a shaft and drop 1 floor!
 18843 | Lair:6   | Entered Level 6 of the Lair of Beasts
 18852 | Lair:6   | Reached skill level 10 in Stealth
 19060 | Lair:6   | Reached skill level 10 in Invocations
 20289 | Lair:6   | Reached XP level 15. HP: 89/114 MP: 20/32
 21585 | Orc:1    | Entered Level 1 of the Orcish Mines
 21592 | Orc:1    | Noticed Nergalle
 21594 | Orc:1    | Noticed Fannar
 21604 | Orc:1    | Killed Fannar
 21604 | Orc:1    | Killed Nergalle
 21830 | Orc:2    | Entered Level 2 of the Orcish Mines
 21870 | Orc:2    | Reached skill level 10 in Poison Magic
 21875 | Orc:2    | Reached skill level 10 in Fighting
 21875 | Orc:2    | Reached skill level 10 in Short Blades
 21875 | Orc:2    | Reached skill level 10 in Long Blades
 21875 | Orc:2    | Reached skill level 10 in Axes
 21875 | Orc:2    | Reached skill level 10 in Maces & Flails
 21875 | Orc:2    | Reached skill level 10 in Polearms
 21875 | Orc:2    | Reached skill level 10 in Staves
 21875 | Orc:2    | Reached skill level 10 in Slings
 21875 | Orc:2    | Reached skill level 10 in Bows
 21875 | Orc:2    | Reached skill level 10 in Crossbows
 21875 | Orc:2    | Reached skill level 10 in Throwing
 21875 | Orc:2    | Reached skill level 10 in Armour
 21875 | Orc:2    | Reached skill level 10 in Shields
 21875 | Orc:2    | Reached skill level 10 in Unarmed Combat
 21875 | Orc:2    | Reached skill level 10 in Evocations
 22006 | Orc:1    | Noticed Josephine
 22026 | Orc:1    | Killed Josephine
 22341 | Orc:2    | Found Kytom's Gadget Emporium.
 22341 | Orc:2    | Found Apom's Antique Weapon Boutique.
 22343 | Orc:2    | Found Fiukkes's Antique Weapon Shop.
 22343 | Orc:2    | Found Nidoahok's Gadget Emporium.
 22361 | Orc:2    | Bought a tin of tremorstones (3/3) for 520 gold pieces
 22363 | Orc:2    | Bought a wand of clouds (3) for 273 gold pieces
 22363 | Orc:2    | Bought a wand of paralysis (4) for 78 gold pieces
 22373 | Orc:2    | Found Waolusutt's Weapon Shoppe.
 22730 | Orc:2    | Found a staircase to the Elven Halls.
 22779 | Orc:1    | Found Quwn's Food Shop.
 22892 | Orc:1    | Bought a ration for 65 gold pieces
 22892 | Orc:1    | Bought a ration for 65 gold pieces
 22892 | Orc:1    | Bought a ration for 65 gold pieces
 22892 | Orc:1    | Bought a ration for 65 gold pieces
 22892 | Orc:1    | Bought a ration for 65 gold pieces
 22892 | Orc:1    | Bought a ration for 65 gold pieces
 22892 | Orc:1    | Bought a ration for 65 gold pieces
 22892 | Orc:1    | Bought a ration for 65 gold pieces
 23141 | Orc:2    | Found a runed translucent door.
 23141 | Orc:2    | Noticed edsrzf's ghost (journeyman DrAs)
 23176 | Orc:2    | Killed edsrzf's ghost
 23434 | D:9      | Bought a scroll of acquirement for 676 gold pieces
 23434 | D:9      | Bought a scroll of blinking for 97 gold pieces
 23434 | D:9      | Bought a scroll of remove curse for 39 gold pieces
 23434 | D:9      | Bought a scroll of identify for 26 gold pieces
 23434 | D:9      | Bought a scroll of remove curse for 39 gold pieces
 23434 | D:9      | Bought a scroll of identify for 26 gold pieces
 23434 | D:9      | Bought a scroll of remove curse for 39 gold pieces
 23434 | D:9      | Bought a scroll of identify for 26 gold pieces
 23434 | D:9      | Bought 2 scrolls of enchant weapon for 195 gold pieces
 23434 | D:9      | Bought a scroll of remove curse for 39 gold pieces
 23434 | D:9      | Bought a scroll of magic mapping for 45 gold pieces
 23434 | D:9      | Bought a scroll of identify for 26 gold pieces
 23438 | D:9      | Got the ring of Zib Zawn {Fire Int+5 Slay+2}
 23554 | D:13     | Reached XP level 16. HP: 108/122 MP: 34/34
 23794 | D:13     | Found a roughly hewn altar of Beogh.
 25049 | D:14     | Found Idupp's Weapon Boutique.
 25102 | D:14     | Bought a throwing net for 48 gold pieces
 25329 | D:14     | Found a gate to the Vaults.
 25474 | D:15     | Entered Level 15 of the Dungeon
 25510 | D:15     | Found a gate leading to a gauntlet.
 25542 | Gauntlet | Entered a Gauntlet
 25542 | Gauntlet | Found a transporter.
 25550 | Gauntlet | Found a transporter.
 25551 | Gauntlet | Found a transporter.
 25560 | Gauntlet | Found a transporter.
 25562 | Gauntlet | Found a transporter.
 25574 | Gauntlet | Found a transporter.
 25589 | Gauntlet | Found a transporter.
 25599 | Gauntlet | Found a transporter.
 25601 | Gauntlet | Found a runed translucent door.
 25603 | Gauntlet | Found a runed translucent door.
 25610 | Gauntlet | Found a transporter.
 25610 | Gauntlet | Found a transporter.
 25621 | Gauntlet | Found a transporter.
 25622 | Gauntlet | Found a transporter.
 25642 | Gauntlet | Found a transporter.
 25656 | Gauntlet | Found a transporter.
 26113 | Gauntlet | Identified the ring of Hyolal {MP+9 Str+4} (You found it in
                  | a Gauntlet)
 26115 | Gauntlet | Identified the ring of Basulirph {rPois rC+ MR+ Int+4} (You
                  | found it in a Gauntlet)
 26183 | Gauntlet | Identified the ring "Hobiusmu" {Str+3 Int+2 Slay+4} (You
                  | found it in a Gauntlet)
 26507 | D:15     | Found a staircase to the Depths.
 26935 | D:15     | Identified the cursed +2 falchion of Cheibriados's Reproof
                  | {vorpal, *Contam rElec rPois Stlth+} (You found it on level
                  | 15 of the Dungeon)
 28006 | Shoals:1 | Entered Level 1 of the Shoals
 28112 | Shoals:1 | Found a hide-covered altar of Uskayaw.
 28248 | Shoals:1 | Bought the quicksilver dragon scales of the Harvest
                  | {*Contam MR+ Str+4} for 837 gold pieces
 28248 | Shoals:1 | Bought a +0 pair of gloves of strength for 138 gold pieces
 28528 | Shoals:1 | Got a polished chain mail
 28573 | Shoals:1 | Reached XP level 17. HP: 110/131 MP: 26/36
 28792 | Shoals:1 | Identified the +2 fustibalus of Cowardice {venom, rF++}
                  | (You found it on level 1 of the Shoals)
 30582 | Shoals:2 | Noticed Louise
 30589 | Shoals:2 | Killed Louise
 31049 | Shoals:3 | Noticed Donald
 31221 | Shoals:3 | Reached skill level 10 in Transmutations
 31514 | Shoals:3 | Killed Donald
 32703 | Shoals:4 | Entered Level 4 of the Shoals
 33015 | Shoals:4 | Reached skill level 10 in Conjurations
 33015 | Shoals:4 | Reached skill level 10 in Hexes
 33015 | Shoals:4 | Reached skill level 10 in Charms
 33015 | Shoals:4 | Reached skill level 10 in Summonings
 33015 | Shoals:4 | Reached skill level 10 in Necromancy
 33015 | Shoals:4 | Reached skill level 10 in Translocations
 33015 | Shoals:4 | Reached skill level 10 in Fire Magic
 33015 | Shoals:4 | Reached skill level 10 in Ice Magic
 33015 | Shoals:4 | Reached skill level 10 in Air Magic
 33015 | Shoals:4 | Reached skill level 10 in Earth Magic
 33180 | Shoals:4 | Found Julou's Antique Armour Boutique.
 33280 | Shoals:4 | Reached XP level 18. HP: 139/139 MP: 38/38
 33291 | Shoals:4 | Identified the Collected Works on Floating Cold
 33842 | Shoals:4 | Got a barnacled rune of Zot
 34456 | Snake:1  | Entered Level 1 of the Snake Pit
 34809 | Snake:1  | Got an encrusted mace
 34810 | Snake:1  | Identified the cursed +1 mace of the Tired Mice {pain,
                  | Dex+6} (You found it on level 1 of the Snake Pit)
 34830 | Snake:1  | Got a glimmering dagger
 36853 | Snake:3  | Found a frozen archway.
 36862 | IceCv    | Entered an ice cave
 36910 | IceCv    | Reached XP level 19. HP: 129/147 MP: 39/39
 37406 | IceCv    | Noticed an Ice Fiend
 37455 | IceCv    | Killed an Ice Fiend
 38479 | Snake:4  | Entered Level 4 of the Snake Pit
 40338 | Snake:4  | Got a serpentine rune of Zot
 40722 | D:11     | Bought a potion of heal wounds for 185 gold pieces
 40722 | D:11     | Bought a potion of heal wounds for 185 gold pieces
 40722 | D:11     | Bought a scroll of identify for 74 gold pieces
 40722 | D:11     | Bought a potion of mutation for 296 gold pieces
 40722 | D:11     | Bought a scroll of remove curse for 111 gold pieces
 40819 | Vaults:1 | Entered Level 1 of the Vaults
 41027 | Vaults:1 | Identified the +11 quarterstaff "Stringbean" {vorpal, Str+3
                  | Int-4 Dex+8} (You found it on level 1 of the Vaults)
 41235 | Vaults:1 | Reached XP level 20. HP: 134/155 MP: 41/41
 41836 | Vaults:1 | Found Zobu's Weapon Shop.
 41865 | Vaults:1 | Noticed Saint Roka
 41882 | Vaults:1 | Killed Saint Roka
 42475 | Vaults:2 | Noticed Boris
 42491 | Vaults:2 | Killed Boris
 42772 | Vaults:2 | Noticed Nikola
 42790 | Vaults:2 | Killed Nikola
 42847 | Vaults:2 | Noticed Xtahua
 42871 | Vaults:2 | Killed Xtahua
 43265 | Vaults:2 | Found a bloodstained altar of Trog.
 43288 | Vaults:2 | Reached XP level 21. HP: 163/163 MP: 43/43
 43838 | Vaults:2 | Found Inteaj's Antique Weapon Emporium.
 44229 | Vaults:2 | Found a staircase to the Crypt.
 44691 | Vaults:3 | Reached skill level 15 in Crossbows
 45513 | Vaults:3 | Reached skill level 15 in Invocations
 46171 | Vaults:4 | Found Viuhefax's Antique Armour Boutique.
 46625 | Vaults:4 | Reached XP level 22. HP: 172/172 MP: 44/44
 46659 | Vaults:4 | Gained mutation: You are dopey. (Int -2) [a neqoxec]
 46836 | Vaults:4 | Found a huge runed gate.
 46836 | Vaults:4 | Found a huge runed gate.
 46836 | Vaults:4 | Found a huge runed gate.
 46836 | Vaults:4 | Found a huge runed gate.
 46836 | Vaults:4 | Found a huge runed gate.
 46836 | Vaults:4 | Found a huge runed gate.
 46837 | Vaults:4 | Found a huge runed gate.
 46837 | Vaults:4 | Found a huge runed gate.
 46837 | Vaults:4 | Found a huge runed gate.
 46837 | Vaults:4 | Found a huge runed gate.
 46913 | Vaults:4 | Reached skill level 15 in Spellcasting
 47285 | Vaults:4 | Identified the +2 trident of Tifeget {antimagic, Fragile
                  | rF+ rN+ Dex+6} (You found it on level 4 of the Vaults)
 47417 | Vaults:4 | Found Heomek's Armour Shop.
 47793 | Vaults:4 | Found Osmiur's Food Shop.
 47805 | Vaults:4 | Reached skill level 15 in Dodging
 47872 | Vaults:4 | Bought a ration for 65 gold pieces
 47872 | Vaults:4 | Bought a ration for 65 gold pieces
 47872 | Vaults:4 | Bought a ration for 65 gold pieces
 47872 | Vaults:4 | Bought a ration for 65 gold pieces
 47872 | Vaults:4 | Bought a ration for 65 gold pieces
 47872 | Vaults:4 | Bought a ration for 65 gold pieces
 47872 | Vaults:4 | Bought a ration for 65 gold pieces
 47872 | Vaults:4 | Bought a ration for 65 gold pieces
 47872 | Vaults:4 | Bought a ration for 65 gold pieces
 47872 | Vaults:4 | Bought a ration for 65 gold pieces
 48220 | Crypt:1  | Entered Level 1 of the Crypt
 48280 | Crypt:1  | Learned a level 6 spell: Iron Shot
 48466 | Crypt:1  | HP: 3/173 [ghoul (14)]
 48711 | Crypt:1  | Reached skill level 15 in Stealth
 49173 | Elf:1    | Entered Level 1 of the Elven Halls
 49706 | Elf:1    | Reached XP level 23. HP: 152/179 MP: 46/46
 49829 | Elf:1    | Noticed Jorgrun
 49839 | Elf:1    | Killed Jorgrun
 50442 | Elf:2    | Found a runed translucent gate.
 50442 | Elf:2    | Found a runed translucent gate.
 50442 | Elf:2    | Found a runed translucent gate.
 50875 | Elf:2    | HP: 8/180 [+3 scimitar of draining (11)]
 50875 | Elf:2    | Mangled by a +8 trident of distortion

Illustrated notes

Levels and vault maps discovered:
D:1:      minmay_arrival_wavy_path, layout_loops_ring
D:2:      layout_basic, serial_glass, glass_columns_b, glass_columns_c,
          feat_on_display, minmay_strange_pillars, first_ration, uniq_sigmund,
          uniq_jessica, uniq_robin
D:3:      layout_rooms
D:4:      layout_loops_corners, uniq_pikel
D:5:      layout_loops_ring, overflow_temple_1_default,
          wad_floor_pattern_untrapped
D:6:      layout_basic, uniq_duvessa
D:7:      layout_layer_cave, minmay_temple_entry_overgrown, the_bakery,
          uniq_menkaure, uniq_harold
D:8:      layout_loops_ring, serial_shops, nicolae_shop_trees, basic_altar,
          uniq_maggie
D:9:      layout_cross, david_orc_2, hangedman_corner_corridor
D:10:     layout_cave_pools, uniq_erolcha, uniq_snorg
D:11:     layout_rooms, due_lair_maze_entry_diamond, uniq_maurice
D:12:     layout_cave_pools
D:13:     layout_long_grid, special_room [special_room_orc], serial_glass,
          glass_columns_a, glass_columns_b, glass_columns_b, glass_columns_a,
          glass_columns_c, glass_columns_b
D:14:     layout_loops_ring, grunt_vaults_entry_fortified, serial_shops,
          nicolae_shop_behind_doors
D:15:     hangedman_depths_entry_civil_slaughter, layout_irregular_city,
          gauntlet_entry_generic, minmay_misc_feat_five
Temple:   compressed_dpeg_circular_temple
Lair:1:   layout_regular_city, cheibrodos_lair_reptile_den
Lair:2:   wad_woods_minihive, layout_regular_city,
          minmay_snake_entry_guardpost_small, gammafunk_ghost_hive,
          minmay_stone_trees_small, st_stairs_12
Lair:3:   layout_big_grid, chequers_serial_rivers_micro_b, minivault_11,
          chequers_serial_rivers_room_b, st_stairs_7, minmay_holes,
          chequers_serial_rivers_micro_c, minivault_25
Lair:4:   layout_small_grid, shoals_dummy_entry, gammafunk_ghost_hydra_chop,
          grunt_megastairs_1
Lair:5:   layout_loops_ring, dpeg_slime_entry_corner,
          chequers_serial_rivers_room_a, serial_bayou_shore_a,
          infiniplex_staircase_pool, uniq_kirke
Lair:6:   minmay_lair_end_enchanted_forest, layout_misc_corridors, st_stairs_11,
          serial_bayou_shore_b
Shoals:1: layout_shoals, regret_index_shoals_crete
Shoals:2: layout_shoals, nicolae_shoals_wave_tunnel, uniq_louise
Shoals:3: layout_shoals, nicolae_shoals_mertower, uniq_donald
Shoals:4: shoals_end_grunt_ice, layout_shoals, serial_shops, shop
Snake:1:  layout_grid_maze
Snake:2:  layout_grid_maze, nicolae_snake_springs
Snake:3:  layout_misc_corridors, portal_ice_cave_entry_pillars_four
Snake:4:  snake_pit, layout_cave_town, serial_bayou_shore_b
Orc:1:    layout_caves, serial_shops, shop, uniq_fannar, uniq_nergalle,
          uniq_josephine
Orc:2:    st_orc_ogre_mass, layout_caves, ebering_ghost_inner_flame,
          serial_shops, shop
Elf:1:    minmay_elf_arrival_circle, layout_geoelf_octagon,
          kennysheep_underground_church, uniq_jorgrun
Elf:2:    layout_geoelf_grid
Vaults:1: v_misc_1, nicolae_vaults_big_ls, nicolae_vaults_specimen_jars,
          vaults_dpeg_encased_lava, vaults_room_hangedman_quadrants, v_rooms_2,
          hangedman_vaults_locks, nicolae_vaults_back_hallway, v_misc_23,
          vaults_room_grid, nicolae_vaults_network_square,
          layout_vaults_omnibox, serial_shops, nicolae_shop_trees,
          uniq_saint_roka
Vaults:2: v_misc_26, nicolae_vaults_little_squares_6, st_diamondy, v_misc_31,
          ontoclasm_vaults_chip, v_misc_25, hangedman_vaults_nails, v_misc_12,
          hangedman_vaults_snaps, vaults_room_semicircle,
          layout_vaults_big_cross, dummy_crypt_entry, basic_altar, serial_shops,
          nicolae_shop_trees, uniq_xtahua, uniq_nikola, uniq_boris
Vaults:3: vaults_room_fours, v_misc_19, vaults_mumra_minichess,
          nicolae_vaults_mini_display_case, layout_vaults_omnigrid
Vaults:4: v_alt_pattern_3, nicolae_vaults_bisected_exclaves,
          ontoclasm_vaults_ring_large, vaults_door_vault, v_rooms_1,
          vaults_room_ringed_pool, vaults_room_fours, grunt_vaults_swirl,
          grunt_vaults_hallway_short, nicolae_vaults_rhombus_6,
          grunt_vaults_twisty, vaults_room_hallway, ontoclasm_vaults_tryst,
          ontoclasm_vaults_chip, v_alt_pattern_3, layout_vaults_maze_bifur,
          serial_shops, nicolae_shop_crystal, shop, shop
Crypt:1:  layout_chaotic_city

Skill      XL: |  1  2  3  4  5  6  7  8  9 10 11 12 13 14 15 16 17 18 19 20 21 22 23 |
---------------+----------------------------------------------------------------------+-----
Transmutations | 2 3 4 5 6 7 8 9 10 11 12 | 12.9
Spellcasting   | 5 6 7 8 9 10 11 12 13 14 15 | 15.5
Invocations    | 1 2 3 4 5 6 7 8 9 10 11 12 13 14 15 16 | 16.0
Fighting       | 1 2 3 4 5 6 7 8 9 10 11 12 13 14 | 14.8
Short Blades   | 1 2 3 4 5 6 7 8 9 10 11 12 13 14 | 14.8
Long Blades    | 1 2 3 4 5 6 7 8 9 10 11 12 13 14 | 14.8
Axes           | 1 2 3 4 5 6 7 8 9 10 11 12 13 14 | 14.8
Maces & Flails | 1 2 3 4 5 6 7 8 9 10 11 12 13 14 | 14.8
Polearms       | 1 2 3 4 5 6 7 8 9 10 11 12 13 14 | 14.8
Staves         | 1 2 3 4 5 6 7 8 9 10 11 12 13 14 | 14.8
Slings         | 1 2 3 4 5 6 7 8 9 10 11 12 13 14 | 14.8
Bows           | 1 2 3 4 5 6 7 8 9 10 11 12 13 14 | 14.8
Crossbows      | 1 2 3 4 5 6 7 8 9 10 11 12 13 14 15 16 | 16.9
Throwing       | 1 2 3 4 5 6 7 8 9 10 11 12 13 14 | 14.8
Armour         | 1 2 3 4 5 6 7 8 9 10 11 12 13 14 | 14.8
Shields        | 1 2 3 4 5 6 7 8 9 10 11 12 13 14 | 14.8
Unarmed Combat | 1 2 3 4 5 6 7 8 9 10 11 12 13 14 | 14.8
Evocations     | 1 2 3 4 5 6 7 8 9 10 11 12 13 14 | 14.8
Conjurations   | 1 2 3 4 5 6 7 8 9 10 11 12 | 12.8
Hexes          | 1 2 3 4 5 6 7 8 9 10 11 12 | 12.8
Charms         | 1 2 3 4 5 6 7 8 9 10 11 12 | 12.8
Summonings     | 1 2 3 4 5 6 7 8 9 10 11 12 | 12.8
Necromancy     | 1 2 3 4 5 6 7 8 9 10 11 12 | 12.8
Translocations | 1 2 3 4 5 6 7 8 9 10 11 12 | 12.8
Fire Magic     | 1 2 3 4 5 6 7 8 9 10 11 12 | 12.8
Ice Magic      | 1 2 3 4 5 6 7 8 9 10 11 12 | 12.8
Air Magic      | 1 2 3 4 5 6 7 8 9 10 11 12 | 12.8
Earth Magic    | 1 2 3 4 5 6 7 8 9 10 11 12 | 12.8
Dodging        | 5 6 7 8 9 10 11 12 13 14 15 | 15.4
Stealth        | 5 6 7 8 9 10 11 12 13 14 15 | 15.3
Poison Magic   | 6 7 8 9 10 11 12 13 | 13.7

Action                   |  1- 3 |  4- 6 |  7- 9 | 10-12 | 13-15 | 16-18 | 19-21 | 22-24 || total
-------------------------+-------+-------+-------+-------+-------+-------+-------+-------++-------
Melee: Dagger            |    87 |   102 |   276 |    38 |       |       |       |       ||   503
       Unarmed           |     2 |       |     8 |       |       |       |       |       ||    10
       Bite              |     3 |    11 |    33 |    48 |   103 |   160 |   170 |   102 ||   630
       Punch             |     1 |       |     6 |     4 |       |       |       |       ||    11
       Rapier            |       |       |       |   392 |   820 |   675 |       |       ||  1887
       Demon trident     |       |       |       |       |       |   736 |  1379 |   679 ||  2794
Throw: Javelin           |       |       |       |       |       |    28 |    13 |       ||    41
 Cast: Sting             |     7 |     4 |    19 |     5 |       |       |       |       ||    35
       Poisonous Vapours |     8 |     7 |    18 |     2 |       |    13 |       |       ||    48
       Olgreb's Toxic Ra |       |     6 |    20 |    37 |    60 |    39 |    17 |     9 ||   188
       Mephitic Cloud    |       |       |     9 |     8 |     3 |     4 |       |     1 ||    25
       Ignite Poison     |       |       |     7 |    24 |    21 |    37 |    12 |     9 ||   110
Invok: Call Merchant     |       |       |       |     2 |     2 |     1 |     3 |       ||     8
Evoke: Wand              |       |       |     1 |     6 |     1 |     1 |       |     6 ||    15
       Tin of tremorston |       |       |       |       |       |     4 |     6 |     2 ||    12
  Use: Potion            |       |       |    11 |     5 |     4 |     2 |     8 |     6 ||    36
       Scroll            |       |       |       |    23 |    10 |    23 |    13 |     5 ||    74
 Stab: Sleeping          |     8 |     5 |     3 |    20 |    31 |    44 |    39 |    28 ||   178
       Distracted        |     1 |     1 |       |     4 |     8 |    13 |    21 |    12 ||    60
       Confused          |       |       |     3 |     2 |       |     1 |       |       ||     6
       Paralysed         |       |       |       |     1 |       |       |       |     1 ||     2
       Invisible         |       |       |       |     3 |       |       |       |       ||     3
  Eat: Chunk             |     3 |     5 |    13 |       |       |       |       |       ||    21
       Ration            |       |       |     1 |     8 |    10 |    13 |    10 |     4 ||    46
Armor: Robe              |    19 |     6 |    33 |     3 |       |       |       |       ||    61
       Skin              |       |       |     5 |       |       |       |     7 |       ||    12
       Steam dragon scal |       |       |       |    59 |   119 |    74 |       |       ||   252
       Quicksilver drago |       |       |       |       |       |   182 |   198 |   124 ||   504
Dodge: Dodged            |    86 |    87 |   231 |   433 |   636 |   683 |   403 |   253 ||  2812
Block: Buckler           |       |       |       |    30 |   321 |   379 |       |       ||   730
       Reflection        |       |       |       |       |    10 |    64 |    79 |    26 ||   179
       Kite shield       |       |       |       |       |       |   311 |   433 |   245 ||   989

Table legend:
 A = Non-vault XP
 B = Vault XP
 C = Vault XP percentage of total XP
 D = Non-vault monster count
 E = Vault monster count
 F = Vault count percentage of total count
                 A         B        C        D         E       F
            +---------+---------+-------+---------+---------+-------
      Total |  434124 |  309797 |  41.6 |    1154 |     641 |  35.7
            +---------+---------+-------+---------+---------+-------
        D:1 |      37 |       0 |   0.0 |      22 |       0 |   0.0
        D:2 |      38 |     283 |  88.2 |      12 |      14 |  53.8
        D:3 |     135 |       0 |   0.0 |      22 |       0 |   0.0
        D:4 |    1027 |     663 |  39.2 |      24 |       1 |   4.0
        D:5 |     472 |       0 |   0.0 |       9 |       0 |   0.0
        D:6 |     445 |     213 |  32.4 |      10 |       2 |  16.7
        D:7 |     809 |    1371 |  62.9 |      18 |       3 |  14.3
        D:8 |    1141 |     370 |  24.5 |      28 |       1 |   3.4
        D:9 |    2305 |    1526 |  39.8 |      30 |      14 |  31.8
       D:10 |    4613 |    2072 |  31.0 |      33 |       2 |   5.7
       D:11 |    4530 |    1708 |  27.4 |      24 |      12 |  33.3
       D:12 |    4498 |       0 |   0.0 |      27 |       0 |   0.0
       D:13 |    6121 |     895 |  12.8 |      17 |      20 |  54.1
       D:14 |    6439 |    7379 |  53.4 |      29 |      10 |  25.6
       D:15 |   14812 |    5058 |  25.5 |      44 |       6 |  12.0
     Temple |       0 |     320 | 100.0 |       0 |       6 | 100.0
     Lair:1 |    4959 |     366 |   6.9 |      29 |       7 |  19.4
     Lair:2 |    4090 |    8897 |  68.5 |      15 |      74 |  83.1
     Lair:3 |    6171 |       0 |   0.0 |      27 |       0 |   0.0
     Lair:4 |    6039 |    3312 |  35.4 |      24 |       4 |  14.3
     Lair:5 |    9052 |    3201 |  26.1 |      40 |       7 |  14.9
     Lair:6 |    8772 |   10205 |  53.8 |      29 |      50 |  63.3
   Shoals:1 |    6499 |    7261 |  52.8 |      15 |      14 |  48.3
   Shoals:2 |   15334 |    4400 |  22.3 |      34 |      10 |  22.7
   Shoals:3 |   13622 |    8079 |  37.2 |      30 |       8 |  21.1
   Shoals:4 |   22247 |   17955 |  44.7 |      47 |      31 |  39.7
    Snake:1 |   12535 |       0 |   0.0 |      22 |       0 |   0.0
    Snake:2 |   18763 |    4138 |  18.1 |      41 |      17 |  29.3
    Snake:3 |   21052 |       0 |   0.0 |      32 |       0 |   0.0
    Snake:4 |   18521 |   30798 |  62.4 |      27 |      42 |  60.9
      Orc:1 |    4540 |    3604 |  44.3 |      32 |       6 |  15.8
      Orc:2 |    7317 |   19512 |  72.7 |      44 |      39 |  47.0
      Elf:1 |   27023 |    8939 |  24.9 |      41 |      11 |  21.2
      Elf:2 |   15708 |   13026 |  45.3 |      33 |      15 |  31.2
   Vaults:1 |   22846 |   29620 |  56.5 |      39 |      51 |  56.7
   Vaults:2 |   29220 |   39870 |  57.7 |      42 |      37 |  46.8
   Vaults:3 |   48859 |   13538 |  21.7 |      72 |      16 |  18.2
   Vaults:4 |   37875 |   45991 |  54.8 |      61 |      46 |  43.0
    Crypt:1 |   25658 |       0 |   0.0 |      29 |       0 |   0.0
      IceCv |       0 |   10348 | 100.0 |       0 |      51 | 100.0
   Gauntlet |       0 |    4879 | 100.0 |       0 |      14 | 100.0
            +---------+---------+-------+---------+---------+-------
